Map: Orbital Shipyard

Players

Awesomesauce - Winner!

  • Race: Protoss Protoss
  • League: Diamond

Nuckzer

  • Race: Zerg Zerg
  • League: Diamond

VOD

Have the link to the VOD?

Description

Time

  • Played on: March 20, 2016, 3:14 p.m.
  • Length: 26:40
Show
View Real Time Build Order
Export as new Build Order

Awesomesauce Protoss - Winner!

Build Orders: Nexus First, Oracle Opening 

Get SALT Encoding   

  12  0:01  Probe (Chrono Boost)  
  13  0:11  Probe (Chrono Boost)  
  14  0:21  Pylon  
  14  0:22  Probe (Chrono Boost)  
  15  0:40  Probe (Chrono Boost)  
  16  0:50  Probe (Chrono Boost)  
  17  0:57  Nexus  
  17  1:08  Gateway  
  17  1:10  Probe (Chrono Boost)  
  18  1:15  Assimilator  
  18  1:22  Probe (Chrono Boost)  
  19  1:31  Gateway  
  19  1:33  Probe (Chrono Boost)  
  20  1:40  Pylon  
  20  1:44  Probe (Chrono Boost)  
  21  1:56  Cybernetics Core, Probe (Chrono Boost)  
  22  2:03  Assimilator  
  22  2:07  Probe (Chrono Boost)  
  23  2:11  Probe (Chrono Boost)  
  24  2:18  Probe (Chrono Boost)  
  24  2:22  Probe (Chrono Boost)  
  26  2:30  Probe (Chrono Boost)  
  26  2:33  Assimilator  
  27  2:39  Stargate  
  27  2:45  Warp Gate  
  27  2:46  Forge  
  27  2:50  Adept  
  29  2:52  Probe (Chrono Boost)  
  29  2:54  Probe (Chrono Boost)  
  31  3:03  Probe (Chrono Boost)  
  31  3:04  Adept  
  34  3:09  Probe (Chrono Boost)  
  35  3:15  Probe (Chrono Boost)  
  36  3:24  Oracle  
  36  3:26  Protoss Ground Weapons Level 1  
  39  3:27  Probe (Chrono Boost)  
  39  3:29  Probe (Chrono Boost)  
  41  3:36  Pylon  
  41  3:38  Probe (Chrono Boost)  
  41  3:39  Probe (Chrono Boost)  
  44  3:48  Probe (Chrono Boost)  
  44  3:50  Pylon, Probe (Chrono Boost)  
  44  3:54  Adept  
  47  3:56  Adept  
  47  4:01  Phoenix  
  51  4:07  Probe (Chrono Boost)  
  51  4:08  Probe (Chrono Boost)  
  53  4:12  Assimilator  
  53  4:17  Probe (Chrono Boost)  
  53  4:19  Probe (Chrono Boost)  
  53  4:22  Sentry  
  53  4:23  Sentry  
  59  4:24  Gateway  
  59  4:27  Gateway  
  59  4:31  Phoenix  
  61  4:54  Probe (Chrono Boost)  
  62  5:03  Pylon  
  62  5:06  Robotics Facility  
  62  5:12  Robotics Facility  
  62  5:15  Pylon  
  62  5:18  Pylon  
  62  5:20  Pylon, Phoenix  
  64  5:25  Nexus  
  64  5:26  Pylon  
  64  5:28  Protoss Ground Armor Level 1  
  64  5:35  Probe x2 (Chrono Boost)  
  65  5:49  Phoenix  
  67  5:54  Pylon  
  67  5:59  Immortal  
  67  6:02  Photon Cannon, Probe x2 (Chrono Boost)  
  73  6:13  Probe x2 (Chrono Boost)  
  73  6:14  Phoenix  
  77  6:23  Immortal, Probe (Chrono Boost)  
  79  6:33  Probe (Chrono Boost)  
  79  6:34  Twilight Council, Probe (Chrono Boost)  
  79  6:37  Gateway  
  79  6:39  Gateway  
  81  6:44  Probe x2 (Chrono Boost)  
  83  6:50  Warp Prism  
  83  6:53  Probe (Chrono Boost)  
  86  6:55  Stalker, Sentry  
  86  6:57  Zealot  
  86  7:01  Probe x2 (Chrono Boost)  
  94  7:31  Zealot x4  
  94  7:36  Protoss Ground Weapons Level 2 (Chrono Boost)  
  102  7:38  Immortal x2  
  102  7:41  Assimilator, Charge (Chrono Boost)  
  110  7:46  Assimilator  
  110  7:53  Photon Cannon  
  110  7:54  Probe  
  110  7:55  Photon Cannon, Probe  
  110  7:57  Photon Cannon  
  113  8:00  Mothership Core  
  114  8:07  Probe  
  114  8:08  Zealot  
  114  8:09  Zealot x4, Templar Archives  
  123  8:35  Psionic Storm  
  123  8:43  Zealot  
  123  8:47  Pylon  
  125  8:50  Pylon  
  125  8:52  Pylon  
  125  8:56  Gateway  
  125  8:58  Gateway  
  125  8:59  Gateway  
  125  9:01  Pylon  
  125  9:05  Immortal x2  
  129  9:29  High Templar x6  
  141  9:39  Dark Shrine  
  141  9:43  Probe  
  141  9:45  Probe x2  
  144  9:54  Gateway  
  144  9:56  Gateway  
  144  9:57  Probe  
  145  10:00  Photon Cannon, Nexus  
  145  10:02  Photon Cannon, Pylon x2  
  145  10:03  Oracle  
  145  10:05  Photon Cannon  
  145  10:06  Observer x2  
  150  10:10  Zealot x3  
  152  10:42  Zealot x3  
  156  10:43  Zealot x6  
  168  10:50  Pylon  
  138  11:17  Zealot x3  
  138  11:18  Zealot x5  
  148  11:19  Zealot  
  148  11:20  Observer x2  
  116  11:43  Stalker  
  116  11:44  High Templar x4  
  116  11:45  High Templar  
  118  11:48  Stargate  
  118  11:51  Pylon  
  118  11:56  Probe  
  118  11:57  Probe  
  120  12:01  Pylon  
  120  12:03  High Templar x3  
  120  12:06  Archon x2  
  128  12:08  Immortal x2  
  128  12:09  Assimilator  
  128  12:14  Assimilator  
  132  12:17  Photon Cannon  
  132  12:18  Photon Cannon  
  132  12:20  Photon Cannon  
  132  12:21  Stalker x2  
  132  12:22  Stalker x2, Photon Cannon  
  140  12:30  Pylon  
  140  12:45  Dark Templar  
  140  12:46  Dark Templar x5  
  152  12:55  Stalker x2  
  152  12:57  Zealot x2  
  152  12:58  Zealot  
  162  13:12  Fleet Beacon  
  158  13:35  Dark Templar x3  
  154  14:00  Tempest x2  
  149  14:06  Zealot x3  
  159  14:11  Photon Cannon  
  159  14:13  Photon Cannon  
  159  14:14  Protoss Air Weapons Level 1 (Chrono Boost)  
  159  14:15  Photon Cannon  
  159  14:38  Stalker  
  158  14:39  Zealot  
  160  15:05  Dark Templar x3  
  166  15:07  Zealot x2  
  166  15:08  Zealot x3  
  166  15:09  Zealot x2  
  178  15:18  Tempest x2  
  170  15:46  High Templar  
  170  15:47  High Templar  
  174  15:51  Pylon  
  174  16:02  Pylon  
  174  16:08  Zealot x5  
  174  16:11  High Templar x2  
  180  16:42  Observer  
  180  16:43  Observer  
  173  16:54  High Templar  
  175  17:04  Observer  
  174  17:12  Zealot x4  
  174  17:13  Tempest  
  174  17:14  Zealot x2  
  174  17:15  Zealot x4  
  198  17:24  Photon Cannon  
  198  17:26  Photon Cannon  
  198  17:28  Photon Cannon  
  195  17:30  Photon Cannon  
  189  17:39  Tempest  
  176  17:55  Photon Cannon  
  176  17:56  Photon Cannon  
  171  18:06  Nexus  
  167  18:24  Pylon  
  167  18:28  Mothership Core  
  167  18:30  Tempest x2  
  169  18:38  Zealot x4  
  181  18:41  Pylon  
  181  18:43  Zealot x2  
  181  18:44  Zealot  
  187  18:51  Dark Templar  
  189  19:01  Dark Templar  
  191  19:39  Stalker  
  191  19:40  Stalker x2  
  191  19:41  Zealot  
  188  20:43  Stalker  
  188  20:44  Stalker x2  
  189  21:19  Dark Templar x3  
  189  21:42  Nexus  
  186  21:56  Nexus  
  186  21:57  Warp Prism  
  186  22:00  Pylon  
  188  22:09  Graviton Catapult  
  188  22:19  Dark Templar  
  190  22:25  Dark Templar x2  
  190  22:26  Zealot x3  
  184  23:21  Carrier  
  184  23:27  Assimilator, Oracle  
  184  23:32  Assimilator  
  193  23:37  Photon Cannon  
  193  23:38  Stargate  
  193  23:39  Photon Cannon  
  187  23:46  Assimilator  
  187  23:51  Assimilator  
  187  23:59  Dark Templar  
  189  24:13  Pylon  
  187  24:31  Dark Templar  
  187  24:32  Zealot x3  
  195  24:43  Pylon  
  195  24:45  Pylon  
  193  24:51  Dark Templar x2  
  195  25:06  Carrier  
  195  25:22  Photon Cannon  
  195  25:23  Photon Cannon  
  195  25:25  Photon Cannon  
  195  25:27  Photon Cannon  
  193  25:29  Photon Cannon  
  193  25:32  Photon Cannon  
  193  25:35  Photon Cannon  
  193  25:36  Photon Cannon  
  193  25:38  Photon Cannon  
  193  25:40  Photon Cannon  
  193  25:43  Photon Cannon  
  191  25:59  High Templar  
  187  26:11  Sentry x2  
  187  26:13  Zealot x2  
  189  26:20  Dark Templar x3  
Show
View Real Time Build Order
Export as new Build Order

Nuckzer Zerg 

Build Orders: 3 Hatch before Pool, Lurkers 

Get SALT Encoding   

  12  0:01  Drone  
  13  0:08  Drone  
  14  0:18  Overlord  
  14  0:26  Extractor  
  14  0:27  Drone  
  15  0:37  Drone  
  15  0:38  Drone  
  17  0:56  Hatchery  
  16  1:04  Drone x2  
  16  1:07  Drone  
  19  1:24  Hatchery  
  18  1:32  Extractor  
  17  1:37  Spawning Pool  
  16  1:41  Drone  
  16  1:46  Drone  
  19  1:47  Drone  
  19  1:57  Overlord  
  19  2:07  Drone  
  20  2:33  Zergling x4  
  20  2:34  Queen x2  
  20  2:35  Drone x2  
  20  2:36  Drone  
  29  2:44  Metabolic Boost  
  29  2:53  Drone x3  
  32  3:09  Queen  
  32  3:10  Queen  
  36  3:19  Drone x3  
  39  3:22  Evolution Chamber  
  39  3:25  Drone x2  
  40  3:29  Overlord  
  40  3:37  Drone  
  40  3:38  Drone  
  42  3:47  Extractor  
  42  3:48  Drone x3  
  42  3:49  Drone  
  42  3:50  Evolution Chamber, Drone  
  45  3:58  Queen  
  45  4:00  Overlord  
  47  4:09  Zerg Missile Weapons Level 1  
  47  4:11  Roach Warren  
  46  4:21  Drone x6  
  46  4:23  Drone x2  
  54  4:43  Spore Crawler  
  45  4:55  Drone x4  
  45  4:56  Drone x9  
  58  5:00  Lair  
  58  5:06  Spore Crawler  
  57  5:09  Spore Crawler  
  56  5:15  Extractor  
  56  5:18  Extractor  
  56  5:20  Drone x3  
  56  5:21  Spore Crawler, Drone x2  
  58  5:24  Spore Crawler  
  58  5:26  Zerg Ground Armor Level 1  
  57  5:38  Drone  
  56  5:48  Overlord x3  
  56  5:49  Overlord x3  
  56  6:05  Zerg Missile Weapons Level 2  
  56  6:07  Hydralisk Den  
  56  6:08  Drone x2  
  56  6:10  Drone x2  
  56  6:11  Drone x3  
  60  6:12  Drone  
  60  6:14  Drone x4  
  60  6:15  Drone x4  
  60  6:17  Drone x2  
  72  6:39  Extractor  
  71  6:40  Extractor  
  71  6:41  Hydralisk x3  
  71  6:42  Hydralisk x5  
  71  6:46  Drone x3  
  86  6:53  Muscular Augments  
  86  7:04  Drone x3  
  86  7:05  Drone x3  
  92  7:11  Drone, Glial Reconstitution  
  89  7:17  Infestation Pit  
  82  7:25  Hydralisk x3  
  86  7:36  Hydralisk x3  
  86  7:39  Roach  
  86  7:40  Roach  
  96  7:55  Zerg Ground Armor Level 2  
  96  8:01  Drone  
  96  8:04  Overlord x4  
  96  8:05  Overlord x2  
  96  8:20  Hatchery  
  94  8:29  Roach x8  
  94  8:30  Roach x5  
  119  8:38  Drone x3  
  119  8:40  Drone x2  
  121  8:47  Spore Crawler, Hive  
  121  8:48  Lurker Den  
  120  8:50  Roach  
  120  8:51  Roach x4  
  130  9:15  Drone  
  130  9:16  Drone x3  
  132  9:17  Drone  
  129  9:26  Drone x2, Hatchery  
  129  9:27  Drone x2  
  132  9:34  Hydralisk  
  132  9:35  Hydralisk x5  
  144  9:59  Overlord x5  
  144  10:02  Zerg Missile Weapons Level 3  
  144  10:06  Overlord x3  
  143  10:29  Roach x3  
  143  10:30  Roach  
  147  10:36  Drone x2  
  147  10:38  Drone x3  
  147  10:42  Lurker x8  
  159  10:43  Lurker x2  
  159  10:45  Zergling x2  
  159  10:46  Zergling x22  
  146  11:17  Roach x8  
  146  11:18  Roach x6  
  162  11:26  Ravager  
  162  11:27  Ravager x2  
  126  11:42  Hydralisk x7  
  140  12:02  Hydralisk  
  140  12:03  Hydralisk x5  
  152  12:15  Drone x6  
  158  12:22  Extractor  
  157  12:26  Extractor  
  156  12:33  Spine Crawler, Spore Crawler  
  156  12:34  Spine Crawler x2  
  156  12:35  Spine Crawler, Drone x3  
  156  12:36  Spore Crawler, Drone  
  154  12:38  Extractor, Drone x2  
  155  12:44  Lurker x2  
  155  12:45  Lurker x2  
  155  12:47  Roach  
  155  12:48  Roach x7  
  175  13:02  Zerg Ground Armor Level 3  
  175  13:04  Zergling x2  
  175  13:05  Zergling x18  
  157  14:10  Overseer  
  157  14:12  Overseer  
  157  14:13  Overseer x2  
  151  14:35  Hatchery  
  150  14:38  Hatchery  
  150  14:40  Hydralisk x5  
  150  14:41  Hydralisk x13  
  150  14:42  Roach x4  
  150  14:43  Roach x7  
  194  15:30  Drone x4  
  194  15:44  Lurker x4  
  167  16:37  Roach  
  167  16:38  Roach x3  
  112  17:12  Drone x4  
  106  17:54  Hatchery  
  105  18:13  Hydralisk x10  
  116  18:21  Roach  
  113  19:03  Ravager x4  
  113  19:04  Ravager  
  118  19:20  Roach  
  120  19:47  Roach  
  120  19:48  Roach x2  
  109  20:25  Zergling x6  
  92  20:44  Ravager x5  
  92  20:46  Queen  
  83  21:16  Roach x3  
  89  21:26  Roach x3  
  95  21:40  Pneumatized Carapace  
  95  21:48  Hatchery  
  94  22:11  Hydralisk x2  
  94  22:12  Hydralisk x6  
  94  23:26  Roach x3  
  100  23:59  Hatchery  
  73  25:15  Hatchery  
Tags
 
Add a new tag
Caveats
  • Supply blocks, unpowered buildings, or Contaminate may cause inaccurate times.
  • Supply counts are checked every 10 seconds.